TOP OF THE 1ST |
Kingston Iguanas batting - Pitching for Buffalo LightSabres : RHP Nick Thompson
|
Pitching: RHP Nick Thompson
|
|
Batting: RHB Tim Davis
|
0-0: Ball 1-0: Foul Ball, location: 2F 1-1: Ball 2-1: SINGLE (Flyball, 78S)
|
Batting: RHB Mike Johnson
|
0-0: Called Strike 0-1: Ball 1-1: SINGLE (Line Drive, 78S) Tim Davis to second
|
Batting: LHB Mike Godfrey
|
0-0: Called Strike 0-1: DOUBLE (Line Drive, 3L) Tim Davis scores Mike Johnson to third Runner from 3rd tries for Home, SAFE, no throw or cutoff
|
Batting: RHB Luis Aguilar
|
0-0: Ball 1-0: Ball Wild Pitch! Mike Godfrey to third 2-0: Ground out 3-1 (Groundball, 34) Mike Godfrey scores
|
Batting: RHB Diego Francisco
|
0-0: Ball 1-0: SINGLE (Flyball, 7LS) - OUT at second base trying to stretch hit.
|
Batting: LHB Juan Romero
|
0-0: Fly out, F8 (Popup, 8RS)
|
Top of the 1st over - 3 run(s), 4 hit(s), 0 error(s), 0 left on base; Kingston 3 - Buffalo 0 |
BOTTOM OF THE 1ST |
Buffalo LightSabres batting - Pitching for Kingston Iguanas : RHP José Ramírez
|
Pitching: RHP José Ramírez
|
|
Batting: LHB Sixto Cortés
|
0-0: Called Strike 0-1: Called Strike 0-2: Ball 1-2: Foul Ball, location: 2F 1-2: Strikes out swinging
|
Batting: LHB Chris Loudermilk
|
0-0: Fly out, F6 (Popup, 5F)
|
Batting: SHB Barrett Bowden
|
0-0: Called Strike 0-1: DOUBLE (Line Drive, 89S)
|
Batting: LHB Paul Alston
|
0-0: Fly out, F7 (Flyball, 78D)
|
Bottom of the 1st over - 0 run(s), 1 hit(s), 0 error(s), 1 left on base; Kingston 3 - Buffalo 0 |
TOP OF THE 2ND |
Kingston Iguanas batting - Pitching for Buffalo LightSabres : RHP Nick Thompson
|
Batting: LHB Poto Vasilini
|
0-0: Ball 1-0: Ball 2-0: Called Strike 2-1: Fly out, F5 (Popup, 25F)
|
Batting: RHB Ken MacDonald
|
0-0: Ball 1-0: Called Strike 1-1: Fly out, F9 (Flyball, 9LMF)
|
Batting: LHB Will Holt
|
0-0: Swinging Strike 0-1: Foul Ball, location: 2F 0-2: Strikes out looking
|
Top of the 2nd over - 0 run(s), 0 hit(s), 0 error(s), 0 left on base; Kingston 3 - Buffalo 0 |
BOTTOM OF THE 2ND |
Buffalo LightSabres batting - Pitching for Kingston Iguanas : RHP José Ramírez
|
Batting: SHB Brian Price
|
0-0: Called Strike 0-1: Ball 1-1: Foul Ball, location: 2F 1-2: Foul Ball, location: 2F 1-2: Ball 2-2: Fly out, F8 (Flyball, 8RD)
|
Batting: RHB Merlin Morris
|
0-0: Called Strike 0-1: Ball 1-1: Ball 2-1: Swinging Strike 2-2: Ball 3-2: Base on Balls
|
Batting: SHB Jason Mason
|
0-0: Foul Ball, location: 2F 0-1: Swinging Strike 0-2: Strikes out swinging
|
Batting: RHB Peter Dixon
|
0-0: Ground out 1-3 (Groundball, 23)
|
Bottom of the 2nd over - 0 run(s), 0 hit(s), 0 error(s), 1 left on base; Kingston 3 - Buffalo 0 |
TOP OF THE 3RD |
Kingston Iguanas batting - Pitching for Buffalo LightSabres : RHP Nick Thompson
|
Batting: RHB Tim Davis
|
0-0: Ball 1-0: SINGLE (Line Drive, 56)
|
Batting: RHB Mike Johnson
|
0-0: SINGLE (Flyball, 89S) Tim Davis to second
|
Batting: LHB Mike Godfrey
|
0-0: Called Strike 0-1: Fly out, F9 (Flyball, 9S)
|
Batting: RHB Luis Aguilar
|
0-0: Foul Ball, location: 2F 0-1: Foul Ball, location: 2F 0-2: Foul Ball, location: 2F 0-2: Strikes out looking
|
Batting: RHB Diego Francisco
|
0-0: Ball 1-0: Called Strike 1-1: Fielders Choice at 2nd, 5-4 (Groundball, 56)
|
Top of the 3rd over - 0 run(s), 2 hit(s), 0 error(s), 1 left on base; Kingston 3 - Buffalo 0 |
BOTTOM OF THE 3RD |
Buffalo LightSabres batting - Pitching for Kingston Iguanas : RHP José Ramírez
|
Batting: LHB Craig Kenney
|
0-0: Called Strike 0-1: Ball 1-1: Foul Ball, location: 2F 1-2: Ball 2-2: Foul Ball, location: 2F 2-2: Ball 3-2: Base on Balls
|
Batting: LHB Sixto Cortés
|
0-0: SINGLE (Line Drive, 78S) Craig Kenney to second
|
Batting: LHB Chris Loudermilk
|
0-0: Foul Ball, location: 2F 0-1: Ball 1-1: Fly out, F8 (Flyball, 8LD)
|
Batting: SHB Barrett Bowden
|
0-0: Fly out, F9 (Flyball, 9D) Runner from 2nd tags up, SAFE at 3rd, no throw
|
Batting: LHB Paul Alston
|
0-0: DOUBLE (Line Drive, 8LM) Craig Kenney scores Sixto Cortés to third Runner from 3rd tries for Home, throw and OUT!
|
Bottom of the 3rd over - 1 run(s), 2 hit(s), 0 error(s), 1 left on base; Kingston 3 - Buffalo 1 |
TOP OF THE 4TH |
Kingston Iguanas batting - Pitching for Buffalo LightSabres : RHP Nick Thompson
|
Batting: LHB Juan Romero
|
0-0: Called Strike 0-1: Ball 1-1: Ball 2-1: Ground out 1-3 (Groundball, 23)
|
Batting: LHB Poto Vasilini
|
0-0: Ball 1-0: Ball 2-0: Ball 3-0: Called Strike 3-1: Called Strike 3-2: SINGLE (Line Drive, 6MD)
|
Batting: RHB Ken MacDonald
|
0-0: Called Strike 0-1: Foul Ball, location: 2F 0-2: Ball Throwing error on steal attempt, E2 Poto Vasilini to third 1-2: Strikes out swinging
|
Batting: LHB Will Holt
|
0-0: Called Strike 0-1: Ball 1-1: Swinging Strike 1-2: Ball 2-2: Foul Ball, location: 2F 2-2: Ball 3-2: Ground out 1-3 (Groundball, 13)
|
Top of the 4th over - 0 run(s), 1 hit(s), 1 error(s), 1 left on base; Kingston 3 - Buffalo 1 |
BOTTOM OF THE 4TH |
Buffalo LightSabres batting - Pitching for Kingston Iguanas : RHP José Ramírez
|
Batting: SHB Brian Price
|
0-0: Called Strike 0-1: Ball 1-1: Ball 2-1: Ball 3-1: Base on Balls
|
Batting: RHB Merlin Morris
|
0-0: Ball 1-0: Swinging Strike 1-1: Ball 2-1: Ball 3-1: Called Strike 3-2: SINGLE (Groundball, 6D) Brian Price to second
|
Batting: SHB Jason Mason
|
0-0: Ball 1-0: Foul Ball, location: 2F 1-1: Ball 2-1: Called Strike 2-2: Foul Ball, location: 2F 2-2: Ball 3-2: Foul Ball, location: 2F 3-2: Strikes out swinging
|
Batting: RHB Peter Dixon
|
0-0: Ball 1-0: Ball 2-0: Ball 3-0: Called Strike 3-1: Called Strike 3-2: Base on Balls Brian Price to third Merlin Morris to second
|
Batting: LHB Craig Kenney
|
0-0: Ball 1-0: Called Strike 1-1: DOUBLE (Line Drive, 7LM) Brian Price scores Merlin Morris scores Peter Dixon to third
|
Batting: LHB Sixto Cortés
|
0-0: Fly out, F8 (Flyball, 8LM) Runner from 3rd tags up, SCORES, no throw
|
Batting: LHB Chris Loudermilk
|
0-0: Fly out, F4 (Popup, 4MD)
|
Bottom of the 4th over - 3 run(s), 2 hit(s), 0 error(s), 1 left on base; Kingston 3 - Buffalo 4 |
TOP OF THE 5TH |
Kingston Iguanas batting - Pitching for Buffalo LightSabres : RHP Nick Thompson
|
Batting: RHB Tim Davis
|
0-0: Swinging Strike 0-1: Ball 1-1: Foul Ball, location: 2F 1-2: Foul Ball, location: 2F 1-2: Foul Ball, location: 2F 1-2: Strikes out swinging
|
Batting: RHB Mike Johnson
|
0-0: Ball 1-0: Called Strike 1-1: Ball 2-1: Ground out 6-3 (Groundball, 6)
|
Batting: LHB Mike Godfrey
|
0-0: Ground out 4-3 (Groundball, 4)
|
Top of the 5th over - 0 run(s), 0 hit(s), 0 error(s), 0 left on base; Kingston 3 - Buffalo 4 |
BOTTOM OF THE 5TH |
Buffalo LightSabres batting - Pitching for Kingston Iguanas : RHP José Ramírez
|
Batting: SHB Barrett Bowden
|
0-0: Ball 1-0: Called Strike 1-1: SINGLE (Groundball, 34D)
|
Batting: LHB Paul Alston
|
0-0: Called Strike 0-1: Ball 1-1: Ball 2-1: Grounds into double play, 1-4-3 (Groundball, 13)
|
Batting: SHB Brian Price
|
0-0: Called Strike 0-1: Ball 1-1: Foul Ball, location: 2F 1-2: Ground out 4-3 (Groundball, 4)
|
Bottom of the 5th over - 0 run(s), 1 hit(s), 0 error(s), 0 left on base; Kingston 3 - Buffalo 4 |
TOP OF THE 6TH |
Kingston Iguanas batting - Pitching for Buffalo LightSabres : RHP Nick Thompson
|
Batting: RHB Luis Aguilar
|
0-0: Called Strike 0-1: Ball 1-1: Ball 2-1: Ground out 3-1 (Groundball, 34)
|
Batting: RHB Diego Francisco
|
0-0: Called Strike 0-1: Swinging Strike 0-2: Ball 1-2: Strikes out swinging
|
Batting: LHB Juan Romero
|
0-0: Swinging Strike 0-1: Ball 1-1: Ball 2-1: Foul Ball, location: 2F 2-2: Ball 3-2: Strikes out swinging
|
Top of the 6th over - 0 run(s), 0 hit(s), 0 error(s), 0 left on base; Kingston 3 - Buffalo 4 |
BOTTOM OF THE 6TH |
Buffalo LightSabres batting - Pitching for Kingston Iguanas : RHP José Ramírez
|
Batting: RHB Merlin Morris
|
0-0: Ball 1-0: Ball 2-0: Called Strike 2-1: Swinging Strike 2-2: Strikes out swinging
|
Batting: SHB Jason Mason
|
0-0: Foul Ball, location: 2F 0-1: Ball 1-1: Ball 2-1: Ball 3-1: Base on Balls
|
Batting: RHB Peter Dixon
|
0-0: Ball 1-0: Ball 2-0: Called Strike 2-1: Foul Ball, location: 2F 2-2: Foul Ball, location: 2F 2-2: Ball 3-2: Foul Ball, location: 2F 3-2: Base on Balls Jason Mason to second
|
Pitching: RHP Danny Bates
|
|
Batting: LHB Craig Kenney
|
0-0: Ball Jason Mason is caught stealing 3rd base Peter Dixon to second 1-0: Foul Ball, location: 2F 1-1: Ground out 1-3 (Groundball, 23)
|
Bottom of the 6th over - 0 run(s), 0 hit(s), 0 error(s), 1 left on base; Kingston 3 - Buffalo 4 |
TOP OF THE 7TH |
Kingston Iguanas batting - Pitching for Buffalo LightSabres : RHP Nick Thompson
|
Pitching: RHP Pat Monroe
|
|
Batting: LHB Poto Vasilini
|
0-0: DOUBLE (Line Drive, 9LM)
|
Pinch Hitting: RHB Soshu Nakamura
|
0-0: Called Strike 0-1: Called Strike 0-2: Foul Ball, location: 2F 0-2: Ball Wild Pitch! Poto Vasilini to third 1-2: Foul Ball, location: 2F 1-2: Fly out, F8 (Flyball, 8LD) Runner from 3rd tags up, SCORES, no throw
|
Pinch Hitting: LHB Billy Anderson
|
0-0: Ball 1-0: Ball 2-0: Swinging Strike 2-1: Ball 3-1: Called Strike 3-2: Base on Balls
|
Pinch Hitting: LHB Bob Greene
|
0-0: Ball 1-0: Ball 2-0: Ball 3-0: Base on Balls Billy Anderson to second
|
Pinch Hitting: LHB Cliff David
|
0-0: Ball 1-0: Foul Ball, location: 2F 1-1: Called Strike 1-2: SINGLE (Groundball, 34D) Billy Anderson to third Bob Greene to second Runner from 3rd tries for Home, SAFE, no throw or cutoff
|
Pitching: RHP Gavin Robbins
|
|
Batting: LHB Mike Godfrey
|
0-0: Ball 1-0: SINGLE (Groundball, 56D) Bob Greene to third Cliff David to second Runner from 3rd tries for Home, SAFE, throw made home Cliff David to third Mike Godfrey to second
|
Batting: RHB Luis Aguilar
|
0-0: Intentional Walk
|
Batting: RHB Diego Francisco
|
0-0: Called Strike 0-1: Ball 1-1: Ball 2-1: Foul Ball, location: 2F 2-2: Foul Ball, location: 2F 2-2: Foul Ball, location: 2F 2-2: Foul Ball, location: 2F 2-2: DOUBLE (Flyball, 7D) Cliff David scores Mike Godfrey scores Luis Aguilar to third
|
Batting: LHB Juan Romero
|
0-0: Ball 1-0: Ball 2-0: Ball 3-0: Called Strike 3-1: Hit by Pitch
|
Batting: LHB Poto Vasilini
|
0-0: Called Strike 0-1: Grounds into double play, 4-6-3 (Groundball, 4)
|
Top of the 7th over - 5 run(s), 4 hit(s), 0 error(s), 2 left on base; Kingston 8 - Buffalo 4 |
BOTTOM OF THE 7TH |
Buffalo LightSabres batting - Pitching for Kingston Iguanas : RHP Danny Bates
|
Now at 2B: Soshu Nakamura
|
|
Now at 3B: Bobby Armstrong
|
|
Now in LF: Bob Greene
|
|
Now in CF: Billy Anderson
|
|
Batting: LHB Sixto Cortés
|
0-0: Ball 1-0: Foul Ball, location: 2F 1-1: Ball 2-1: Ground out 1-3 (Groundball, 23)
|
Batting: LHB Chris Loudermilk
|
0-0: Called Strike 0-1: Foul Ball, location: 2F 0-2: Ball 1-2: Ball 2-2: Foul Ball, location: 2F 2-2: Foul Ball, location: 2F 2-2: Strikes out swinging
|
Batting: SHB Barrett Bowden
|
0-0: Called Strike 0-1: Ball 1-1: Ball 2-1: Foul Ball, location: 2F 2-2: Strikes out looking
|
Bottom of the 7th over - 0 run(s), 0 hit(s), 0 error(s), 0 left on base; Kingston 8 - Buffalo 4 |
TOP OF THE 8TH |
Kingston Iguanas batting - Pitching for Buffalo LightSabres : RHP Gavin Robbins
|
Batting: RHB Soshu Nakamura
|
0-0: Called Strike 0-1: Swinging Strike 0-2: Strikes out swinging
|
Batting: LHB Billy Anderson
|
0-0: Called Strike 0-1: Foul Ball, location: 2F 0-2: Strikes out swinging
|
Batting: LHB Bob Greene
|
0-0: Called Strike 0-1: Foul Ball, location: 2F 0-2: Foul Ball, location: 2F 0-2: SINGLE (Groundball, 56)
|
Batting: RHB Bobby Armstrong
|
0-0: Swinging Strike 0-1: SINGLE (Flyball, 9LS) Bob Greene to second Runner from 2nd tries for 3rd, SAFE, throw made to third Bobby Armstrong to second
|
Pitching: RHP Pat Jackson
|
|
Batting: LHB Mike Godfrey
|
0-0: Ball 1-0: SINGLE (Groundball, 4MD) Bob Greene scores Bobby Armstrong to third Runner from 3rd tries for Home, SAFE, no throw or cutoff
|
Batting: RHB Luis Aguilar
|
0-0: Ball 1-0: Foul Ball, location: 2F 1-1: Ball 2-1: Ball 3-1: Foul Ball, location: 2F 3-2: Base on Balls Mike Godfrey to second
|
Batting: RHB Diego Francisco
|
0-0: Ball 1-0: Ball 2-0: Foul Ball, location: 2F 2-1: Ground out 5-3 (Groundball, 56S)
|
Top of the 8th over - 2 run(s), 3 hit(s), 0 error(s), 2 left on base; Kingston 10 - Buffalo 4 |
BOTTOM OF THE 8TH |
Buffalo LightSabres batting - Pitching for Kingston Iguanas : RHP Danny Bates
|
Batting: LHB Paul Alston
|
0-0: Ball 1-0: Ball 2-0: Ball 3-0: Ground out 4-3 (Groundball, 4)
|
Pitching: RHP Guo-fang Juan
|
|
Batting: SHB Brian Price
|
0-0: Ball 1-0: Called Strike 1-1: Ball 2-1: Foul Ball, location: 2F 2-2: DOUBLE (Line Drive, 9D)
|
Batting: RHB Merlin Morris
|
0-0: Ball 1-0: Ball 2-0: Ball 3-0: Called Strike 3-1: Fly out, F9 (Flyball, 9M)
|
Batting: SHB Jason Mason
|
0-0: Foul Ball, location: 2F 0-1: Ball 1-1: Fly out, F8 (Flyball, 8LM)
|
Bottom of the 8th over - 0 run(s), 1 hit(s), 0 error(s), 1 left on base; Kingston 10 - Buffalo 4 |
TOP OF THE 9TH |
Kingston Iguanas batting - Pitching for Buffalo LightSabres : RHP Pat Jackson
|
Batting: LHB Juan Romero
|
0-0: Ground out 5-3 (Groundball, 5)
|
Batting: LHB Poto Vasilini
|
0-0: Foul Ball, location: 2F 0-1: DOUBLE (Line Drive, 8RM)
|
Batting: RHB Soshu Nakamura
|
0-0: Ball 1-0: Called Strike 1-1: Ball 2-1: Foul Ball, location: 2F 2-2: Ball 3-2: Foul Ball, location: 2F 3-2: Base on Balls
|
Batting: LHB Billy Anderson
|
0-0: Ball 1-0: Foul Ball, location: 2F 1-1: Called Strike 1-2: Strikes out swinging
|
Batting: LHB Bob Greene
|
0-0: Ball 1-0: SINGLE (Line Drive, 9S) Poto Vasilini to third Soshu Nakamura to second
|
Batting: RHB Bobby Armstrong
|
0-0: Fielders Choice at 2nd, 5-4 (Groundball, 5D)
|
Top of the 9th over - 0 run(s), 2 hit(s), 0 error(s), 2 left on base; Kingston 10 - Buffalo 4 |
BOTTOM OF THE 9TH |
Buffalo LightSabres batting - Pitching for Kingston Iguanas : RHP Guo-fang Juan
|
Now in RF: Steve Davis
|
|
Batting: RHB Peter Dixon
|
0-0: Called Strike 0-1: Ball 1-1: Called Strike 1-2: Ball 2-2: Strikes out swinging
|
Batting: LHB Craig Kenney
|
0-0: Ball 1-0: Foul Ball, location: 2F 1-1: Foul Ball, location: 2F 1-2: Ball 2-2: Foul Ball, location: 2F 2-2: Strikes out swinging
|
Batting: LHB Sixto Cortés
|
0-0: Called Strike 0-1: Foul Ball, location: 2F 0-2: Ground out 1-3 (Groundball, 15S)
|
Bottom of the 9th over - 0 run(s), 0 hit(s), 0 error(s), 0 left on base; Kingston 10 - Buffalo 4 |
|